 Dungeon Crawl Stone Soup version 0.32-a0-411-g744942f433 (webtiles) character file.

Game seed: 6822130444683591639

145 juan097 the Cutter (level 5, -5/38 HPs)
             Began as a Coglin Brigand on Feb 21, 2024.
             Killed from afar by Ijyb (13 damage)
             ... with a bolt of acid
             ... on level 3 of the Dungeon.
             The game lasted 00:06:13 (2301 turns).

juan097 the Cutter (Coglin Brigand)                 Turns: 2301, Time: 00:06:13

Health: -5/38      AC:  6    Str: 11    XL:     5   Next: 27%
Magic:  5/5        EV: 10    Int: 11    God:
Gold:   104        SH:  0    Dex: 17    Spells: 4/4 levels left

rFire   . . .        a - +2 dagger {Gyeongja}
rCold   . . .        g - +0 dagger {Jihoo}
rNeg    . . .        j - +0 ring mail
rPois   .            (no helmet)
rElec   .            c - +0 cloak
rCorr   .            (no gloves)
SInv    .            (no boots)
Will    .....        (no amulet)
Stlth   ++           (no ring)
HPRegen 0.26/turn    (no ring)
MPRegen 0.09/turn

%: no passive effects
@: immotile, revved
A: off-hand wielding, slow wielding, warmup strikes, legs shutdown
a: no special abilities


You were on level 3 of the Dungeon.
You visited 1 branch of the dungeon, and saw 3 of its levels.

You collected 156 gold pieces.
You spent 52 gold pieces at shops.

Inventory:

Hand Weapons
 a - a +2 dagger (weapon) {Gyeongja}
 g - a +0 dagger (offhand) {Jihoo}
Missiles
 d - 9 poisoned darts (quivered)
Armour
 b - a +0 robe
 c - a +0 cloak (worn)
 h - a +0 leather armour
 j - a +0 ring mail (worn)
Scrolls
 f - 3 scrolls of teleportation {unknown}
 i - 3 scrolls of identify {unknown}
 n - 2 scrolls of blinking {unknown}
 o - a scroll of immolation {unknown}
 p - a scroll of brand weapon {unknown}
 q - a scroll of fear {unknown}
 s - a scroll of acquirement {unknown}
Potions
 k - a potion of haste {unknown}
 l - 2 potions of curing {unknown}
 m - 2 potions of invisibility {unknown}


   Skills:
 - Level 2.0 Fighting
 * Level 4.2 Short Blades
 - Level 1.8 Throwing
 - Level 0.9 Dodging
 - Level 4.0 Stealth


You had 4 spell levels left.
You didn't know any spells.
Your spell library contained the following spells:

 Spells                   Type           Power      Damage    Failure   Level
 Freeze                   Ice            0%         1d3       65%         1
 Dazzling Flash           Conj/Hex       0%         N/A       95%         3
 Frozen Ramparts          Ice            0%         1d1       95%         3
 Hailstorm                Conj/Ice       0%         3d5       95%         3
 Mephitic Cloud           Conj/Alch/Air  0%         N/A       95%         3
 Curse of Agony           Necr           0%         N/A       100%        5
 Silence                  Hex/Air        0%         N/A       100%        5


Dungeon Overview and Level Annotations

Branches:
Dungeon (3/15)

Altars:

Shops:
D:2 *

Annotations:
D:3 Ijyb


Innate Abilities, Weirdness & Mutations

You can wield a second weapon in your off-hand.
It takes a long time for you to wield or remove held weapons.
Your first few attacks do less damage.
Attacking and casting redirects power from your legs.


Message History

You hit Ijyb but do no damage. Ijyb hits you with a +3 club.
You are too injured to fight recklessly!
You are too injured to fight recklessly!
You hit Ijyb with your +2 dagger.
Ijyb is severely wounded.
You hit Ijyb but do no damage. Ijyb hits you with a +3 club.
You hit Ijyb but do no damage.
Ijyb is severely wounded.
You hit Ijyb but do no damage. Ijyb barely misses you.
You closely miss Ijyb with your +0 dagger.
Ijyb is severely wounded.
You barely miss Ijyb with your +2 dagger.
Ijyb hits you with a +3 club.
* * * LOW HITPOINT WARNING * * *
You closely miss Ijyb with your +2 dagger.
Ijyb is severely wounded.
You closely miss Ijyb with your +0 dagger.
You hit Ijyb but do no damage.
Ijyb is severely wounded.
You barely miss Ijyb with your +2 dagger.
Ijyb misses you.
You hit Ijyb but do no damage.
Ijyb is severely wounded.
You hit Ijyb but do no damage. Ijyb hits you but does no damage.
You hit Ijyb but do no damage.
Ijyb is severely wounded.
You hit Ijyb but do no damage. Ijyb hits you with a +3 club.
* * * LOW HITPOINT WARNING * * *
You hit Ijyb with your +2 dagger.
Ijyb is almost dead.
You hit Ijyb but do no damage. Ijyb closely misses you.
You barely miss Ijyb with your +0 dagger.
Ijyb is almost dead.
You closely miss Ijyb with your +2 dagger.
You hit Ijyb but do no damage.
Ijyb is almost dead.
You closely miss Ijyb with your +0 dagger.
Ijyb zaps a wand.
The bolt of acid hits you!
You die...
Ijyb moans, "Good help so hard to find!"

#..#.#.ß.#.###...........#
#..###(......#...........#####
#...##.ß..#.##...............#
#..##..#..####..############.#
##.##.....## #..# ###..
#..####.#######..# #....
#.......)........+ #....
#...........#....# #....
##########...)@..# #....
####g#### ##### #S#### ......
#.)).# ###### ####g#
.........# ..g......+
.r.......# ...S.....#


You could see Ijyb and an adder.

Vanquished Creatures
  4 gnolls
  2 ribbon worms (D:2)
  3 orcs (D:3)
  6 endoplasms
  3 giant cockroaches
  11 goblins
  6 hobgoblins
  A quokka (D:1)
  7 ball pythons
  5 bats
  2 kobolds
  5 rats
55 creatures vanquished.

Vanquished Creatures (others)
  A goblin (D:3)
1 creature vanquished.

Grand Total: 56 creatures vanquished

Notes
Turn   | Place    | Note
-------+----------+-------------------------------------------
     0 | D:1      | juan097 the Coglin Brigand began the quest for the Orb.
     0 | D:1      | Reached XP level 1. HP: 16/16 MP: 1/1
   143 | D:1      | Reached XP level 2. HP: 19/22 MP: 2/2
   266 | D:1      | Reached XP level 3. HP: 16/27 MP: 3/3
  1204 | D:2      | Reached XP level 4. HP: 33/33 MP: 4/4
  1304 | D:2      | Found Zeofoim's Assorted Antiques.
  1311 | D:2      | Bought a scroll labelled ZUPHECK JUAV for 26 gold pieces
  1311 | D:2      | Bought a scroll labelled MABUSOO MABRU for 26 gold pieces
  1919 | D:3      | Reached XP level 5. HP: 21/38 MP: 5/5
  2251 | D:3      | Noticed Ijyb
  2301 | D:3      | Killed from afar by Ijyb

Illustrated notes

Levels and vault maps discovered:
D:1:      amcnicky_arrival_abandoned_market, layout_basic
D:2:      minmay_alternating_diamond, layout_loops_ring, serial_shops,
          nicolae_shop_real_fake_doors
D:3:      layout_basic, serial_shops, shop, guppyfry_early_orc_mine,
          uniq_terence, uniq_sigmund, uniq_ijyb

Skill      XL: |  1  2  3  4 |
---------------+-------------+-----
Short Blades   | 2 3 4 |  4.2
Stealth        | 4 |  4.0
Fighting       | |  2.0
Throwing       | |  1.8
Dodging        | |  0.9

Action                     |  1- 3 |  4- 6 || total
---------------------------+-------+-------++-------
  Melee: Dagger            |    98 |   195 ||   293
  Throw: Dart              |     8 |    16 ||    24
         Throwing net      |       |     1 ||     1
   Stab: Sleeping          |     1 |     2 ||     3
 Armour: Robe              |     7 |       ||     7
         Leather armour    |     3 |       ||     3
         Ring mail         |    17 |    54 ||    71
  Dodge: Dodged            |    26 |    35 ||    61

Table legend: (Time is in decaauts)
 A = Elapsed time spent in this place.
 B = Non-inter-level travel time spent in this place.
 C = Inter-level travel time spent in this place.
 D = Time resting spent in this place.
 E = Time spent auto-exploring this place.
 F = Levels seen in this place.
 G = Mean time per level.
                   A        B        C        D        E       F      G
               +--------+--------+--------+--------+--------+-----+--------+
         Total |   2268 |   2191 |     77 |      0 |   1687 |   3 |  756.0 |
       Dungeon |   2268 |   2191 |     77 |      0 |   1687 |   3 |  756.0 |
               +--------+--------+--------+--------+--------+-----+--------+

Top non-repeatable levels by time:
     D:1: 1016 daAuts
     D:2: 858 daAuts
     D:3: 394 daAuts
